Map: Dusk Towers

Players

Nerchio - Winner!

  • Race: Zerg Zerg
  • League: Grandmaster

Zanster

  • Race: Zerg Zerg

Event: 2016 WCS Winter Challenger Europe

VOD

Have the link to the VOD?

Description

Time

  • Played on: Feb. 13, 2016, 10:24 a.m.
  • Length: 6:22

All games in this series

Show
View Real Time Build Order
Export as new Build Order

Nerchio Zerg - Winner!

Build Orders: Hatch First, Zergling Baneling 

Get SALT Encoding   

  12  0:00  Drone  
  13  0:12  Overlord  
  13  0:17  Drone  
  14  0:30  Drone  
  14  0:31  Drone  
  14  0:34  Drone  
  17  0:52  Hatchery  
  17  0:55  Drone  
  17  0:59  Drone  
  17  1:02  Extractor  
  17  1:14  Spawning Pool  
  17  1:18  Drone  
  17  1:21  Drone  
  18  1:28  Drone  
  19  1:38  Overlord  
  19  2:00  Queen  
  22  2:01  Zergling x2  
  22  2:03  Queen  
  22  2:06  Baneling Nest  
  22  2:07  Drone  
  24  2:10  Drone  
  24  2:13  Zergling x2  
  26  2:16  Drone  
  26  2:21  Drone  
  28  2:28  Metabolic Boost  
  28  2:30  Drone  
  28  2:32  Drone  
  28  2:35  Drone  
  31  2:43  Zergling x2  
  32  2:48  Spine Crawler  
  32  2:50  Baneling x3  
  31  2:53  Zergling x2  
  31  2:58  Zergling x2, Baneling  
  32  3:01  Zergling x2  
  32  3:05  Zergling x2  
  32  3:27  Hatchery  
  31  3:40  Hatchery  
  30  3:46  Overlord  
  30  3:56  Baneling  
  30  4:02  Zergling x2  
  30  4:05  Zergling x4  
  32  4:10  Baneling x2  
  32  4:11  Zergling x2  
  32  4:12  Zergling x4  
  32  4:14  Zergling x2  
  36  4:19  Zergling x2  
  36  4:25  Zergling x2  
  37  4:34  Overlord  
  37  4:35  Overlord  
  37  4:40  Baneling  
  37  4:41  Baneling  
  35  4:53  Zergling x4  
  35  4:54  Zergling x2  
  35  4:55  Zergling x2  
  35  4:58  Zergling x4  
  35  4:59  Baneling  
  40  5:00  Zergling x2  
  40  5:04  Zergling x2  
  40  5:08  Zergling x2  
  40  5:09  Zergling x2  
  40  5:13  Zergling x2  
  42  5:15  Zergling x2  
  42  5:22  Zergling x4  
  42  5:24  Baneling  
  42  5:25  Baneling x2  
  42  5:26  Baneling  
  42  5:29  Zergling x2  
  42  5:32  Zergling x2  
  42  5:34  Baneling x2  
  41  5:39  Baneling x2  
  41  5:40  Baneling  
  40  5:42  Baneling  
  40  5:49  Zergling x4  
  41  5:50  Zergling x2  
  41  5:56  Zergling x4  
  41  5:57  Zergling x2  
  41  6:01  Zergling x2  
  39  6:05  Zergling x2  
Show
View Real Time Build Order
Export as new Build Order

Zanster Zerg 

Build Orders: Pool First 

Get SALT Encoding   

  12  0:00  Drone  
  13  0:09  Drone  
  14  0:14  Extractor  
  13  0:27  Spawning Pool  
  12  0:31  Drone  
  13  0:36  Drone  
  14  0:47  Overlord  
  14  0:57  Extractor  
  14  0:58  Drone  
  15  1:15  Zergling x2, Queen  
  18  1:19  Metabolic Boost  
  18  1:24  Zergling x2  
  19  1:28  Zergling x2  
  19  1:32  Zergling x2  
  21  1:40  Overlord  
  21  1:55  Zergling x2  
  21  2:00  Zergling x2  
  23  2:10  Zergling x2  
  23  2:14  Hatchery  
  23  2:23  Zergling x2  
  23  2:25  Zergling x2  
  23  2:26  Zergling x4  
  27  2:34  Zergling x2  
  28  2:39  Queen  
  30  2:45  Overlord  
  30  3:04  Drone x3  
  22  3:22  Zergling x2  
  22  3:27  Zergling x2  
  23  3:28  Zergling x2  
  24  3:37  Drone  
  24  3:40  Drone  
  26  3:43  Hatchery  
  25  3:49  Baneling Nest  
  25  3:51  Zergling x2  
  25  3:54  Zergling x2  
  26  4:00  Zergling x2  
  24  4:04  Zergling x2  
  24  4:06  Zergling x2  
  26  4:10  Zergling x2  
  26  4:13  Zergling x2  
  26  4:30  Zergling x6  
  26  4:31  Zergling x4  
  31  4:34  Drone  
  31  4:36  Baneling  
  32  4:38  Baneling  
  32  4:46  Drone x2  
  32  4:47  Drone  
  31  5:01  Baneling  
  31  5:02  Baneling  
  25  5:15  Zergling x2  
  25  5:16  Zergling x10  
  28  5:30  Drone  
  28  5:34  Drone  
  28  5:35  Drone x2  
  29  5:44  Zergling x4  
  30  5:53  Zergling x6  
  31  5:57  Zergling x2  
  24  6:05  Zergling x2  
Tags
 
Add a new tag
Caveats
  • Supply blocks, unpowered buildings, or Contaminate may cause inaccurate times.
  • Supply counts are checked every 10 seconds.